 Dungeon Crawl Stone Soup version 0.31-a0-229-g1fc7ce93e2 (webtiles) character file.

Game seed: 5008504738194079070

11 qw the Shooter (level 2, -2/16 HPs)
             Began as a Gargoyle Hexslinger on July 6, 2023.
             Slain by Sigmund
             ... wielding a +0 scythe
              (4 damage)
             ... on level 2 of the Dungeon.
             The game lasted 00:00:12 (747 turns).

qw the Shooter (Gargoyle Hexslinger)                 Turns: 747, Time: 00:00:13

Health: -2/16      AC:  7    Str: 17    XL:     2   Next: 25%
Magic:  3/3        EV: 11    Int: 13    God:
Gold:   10         SH:  0    Dex: 12    Spells: 2/3 levels left

rFire   . . .        Y - +1 sling
rCold   . . .        (no shield)
rNeg    + . .        f - +0 ring mail
rPois   inf          (no helmet)
rElec   +            (no cloak)
rCorr   .            (no gloves)
SInv    .            (no boots)
Will    .....        (no amulet) Stlth
                     i - +6 ring of strength
HPRegen 0.22/turn    (no ring)
MPRegen 0.08/turn

%: no passive effects
@: confused
A: sickness immunity, AC +2, negative energy resistance 1, electricity
resistance, torment resistance 1, petrification resistance
a: no special abilities


You were on level 2 of the Dungeon.
You visited 1 branch of the dungeon, and saw 2 of its levels.

You collected 10 gold pieces.


Innate Abilities, Weirdness & Mutations

You are immune to sickness and miasma.
Your stone body is resilient. (AC +2)
You are immune to poison.
You resist negative energy. (rN+)
You are resistant to electric shocks. (rElec)
You are resistant to unholy torment.
You are immune to petrification.


   Skills:
 - Level 1.1 Fighting
 + Level 2.9 Ranged Weapons
 - Level 1.5 Dodging
 - Level 1.0 Spellcasting
 - Level 2.6 Hexes


You had 2 spell levels left.
You knew the following spells:

 Your Spells              Type           Power      Damage    Failure   Level
a - Slow                  Hex            28%        N/A       17%         1

Your spell library contained the following spells:

 Spells                   Type           Power      Damage    Failure   Level
 Inner Flame              Hex/Fire       4%         N/A       65%         3
 Portal Projectile        Hex/Tloc       8%         N/A       65%         3
 Cause Fear               Hex            3%         N/A       86%         4

Inventory:

Hand Weapons
 Y - a +1 sling (weapon)
Armour
 f - a +0 ring mail (worn)
Jewellery
 h - a ring of fire
 i - a +6 ring of strength (left hand)
Potions
 d - a potion of curing
 g - a potion of berserk rage {unknown}
 k - a potion of experience {unknown}

Dungeon Overview and Level Annotations

Branches:
Dungeon (2/15)

Altars:

Annotations:
D:2 Sigmund


Message History

You climb downwards.
Sigmund shouts!
You hear an angry hiss.
Found a hand axe, a silvery potion, 6 stones and 7 gold pieces.
There is a stone staircase leading up here.
Sigmund is nearby!
Waypoint 1 assigned to D:2.
You shoot a sling bullet. The sling bullet barely misses Sigmund.
You shoot a sling bullet.
The sling bullet closely misses Sigmund.
Found a stone staircase leading down.
You shoot a sling bullet. The sling bullet hits Sigmund.
Sigmund is moderately wounded.
Sigmund mumbles some strange words.
Sigmund flickers and vanishes!
Deactivating autopickup; reactivate with Ctrl-A.
You shoot a sling bullet. Something hits you!
Ouch! That really hurt!
You shoot a sling bullet. Something hits you but does no damage.
You shoot a sling bullet. You shoot a sling bullet. Something hits you.
You shoot a sling bullet. Something hits you but does no damage.
You shoot a sling bullet.
You hear some strange, mumbled words.
A puff of flame appears from out of thin air!
The puff of flame hits you.
You shoot a sling bullet. Something hits you but does no damage.
A ball python comes into view.
745 ||| FLEEEEING.
There is a stone staircase leading up here.
746 ||| STAIRDANCE You hear some strange, mumbled words.
You are confused.
In your confused state, you trip and fall back down the stairs.
Something hits you.
You die...

##### #...# .
#####...####..
.)...........
#..........
##..@#.!.>.#
#......#
#.......###
.....#...#
.#........
.......!...
...........#
#..$......(.
......###...


There were no monsters in sight!

Vanquished Creatures
  An endoplasm (D:1)
  2 hobgoblins (D:1)
  4 jackals (D:1)
  A frilled lizard (D:1)
  A rat (D:1)
9 creatures vanquished.

Notes
Turn   | Place    | Note
-------+----------+-------------------------------------------
     0 | D:1      | qw the Gargoyle Hexslinger began the quest for the Orb.
     0 | D:1      | Reached XP level 1. HP: 12/12 MP: 2/2
     0 | D:1      | 0 ||| qw: Version: 0.3-a-46-gb1f654a
     0 | D:1      | 0 ||| qw: Game counter: 1132
     0 | D:1      | 0 ||| qw: Melee chars always use a shield: true
     0 | D:1      | 0 ||| qw: God list: Okawaru
     0 | D:1      | 0 ||| qw: Allow faded altars: false
     0 | D:1      | 0 ||| qw: Do Orc after clearing Dungeon:15 true
     0 | D:1      | 0 ||| qw: Do second Lair branch before Depths: true
     0 | D:1      | 0 ||| qw: Lair rune preference: random
     0 | D:1      | 0 ||| qw: Goals: Normal
     0 | D:1      | 0 ||| PLANNING D:1-11
   245 | D:1      | Reached XP level 2. HP: 16/16 MP: 3/3
   700 | D:1      | 700 ||| UPGRADING to +0 ring mail.
   710 | D:1      | 710 ||| DROPPING +0 robe.
   711 | D:1      | 711 ||| UPGRADING to +6 ring of strength.
   712 | D:1      | 712 ||| READING scroll labelled KUFRI NELUCRO.
   713 | D:1      | 713 ||| READING scroll labelled LIASSO NYECOE.
   714 | D:1      | 714 ||| DRINKING 2 fuming silvery potions.
   715 | D:1      | 715 ||| DROPPING scroll of poison.
   732 | D:2      | Noticed Sigmund
   743 | D:2      | HP: 2/16 [something/puff of flame (6)]
   745 | D:2      | 745 ||| FLEEEEING.
   746 | D:2      | 746 ||| STAIRDANCE
   747 | D:2      | Slain by Sigmund

Levels and vault maps discovered:
D:1:      lemuel_arrival_rhombus, layout_loops_ring, nrook_mini_backslash
D:2:      minmay_angry_zag, layout_rooms, basic_altar, uniq_sigmund,
          uniq_natasha

Action                     || total
---------------------------++-------
   Fire: Sling             ||    44
    Use: Scroll            ||     2
         Potion            ||     1
 Armour: Robe              ||     7
         Ring mail         ||     3
  Dodge: Dodged            ||    28

Table legend:
 A = Non-vault XP
 B = Vault XP
 C = Vault XP percentage of total XP
 D = Non-vault monster count
 E = Vault monster count
 F = Vault count percentage of total count
                 A         B        C        D         E       F
            +---------+---------+-------+---------+---------+-------
      Total |      16 |       0 |   0.0 |       9 |       0 |   0.0
            +---------+---------+-------+---------+---------+-------
        D:1 |      16 |       0 |   0.0 |       9 |       0 |   0.0
            +---------+---------+-------+---------+---------+-------
